 Dungeon Crawl Stone Soup version 0.17-a0-1468-gbf503c2 (webtiles) character file.

386 pulse the Chopper (level 7, -3/55 HPs)
             Began as a Formicid Berserker on July 1, 2015.
             Was a Believer of Trog.
             Slain by Ajdolov's ghost (8 damage)
             ... on level 3 of the Dungeon.
             The game lasted 00:05:35 (2696 turns).

pulse the Chopper (Formicid Berserker)              Turns: 2696, Time: 00:05:35

Health: -3/55      AC:  7    Str: 23      XL:     7   Next: 6%
Magic:  7/7        EV: 10    Int:  4 (7)  God:    Trog [**....]
Gold:   116        SH:  0    Dex: 10      Spells: 0 memorised, 6 levels left

rFire  . . .     SeeInvis +     a - +0 hand axe
rCold  . . .     Clarity  .     g - +0 scale mail
rNeg   . . .     SustAt   .     (no shield)
rPois  .         Gourm    .     (helmet unavailable)
rElec  .         Spirit   .     (no cloak)
rCorr  .         Warding  .     (no gloves)
rMut   .         Stasis   +     (no boots)
MR     ++...                    (no amulet)
Stlth  ..........               (no ring)
                                l - ring of loudness (curse)

@: regenerating, very resistant to hostile enchantments, extremely unstealthy
A: permanent stasis, dig shafts and tunnels, four strong arms, antennae 3
a: Dig, Shaft Self, Burn Spellbooks, Trog's Hand, Renounce Religion


You were on level 3 of the Dungeon.
You worshipped Trog.
Trog was pleased with you.
You were not hungry.

You visited 1 branch of the dungeon, and saw 3 of its levels.

You collected 116 gold pieces.

Inventory:

Hand weapons
 a - a +0 hand axe (weapon)
Armour
 g - a +0 scale mail (worn)
Jewellery
 l - a cursed ring of loudness (left hand)
Scrolls
 b - a scroll of magic mapping
 d - a scroll of recharging
 e - a scroll of blinking {unknown}
 f - 2 scrolls of immolation {unknown}
 m - a scroll of fog
Potions
 j - a potion of poison
 k - a potion of degeneration
Comestibles
 c - 2 bread rations
 h - a slice of pizza
 i - 2 fruits
 o - a royal jelly


   Skills:
 + Level 4.6 Fighting
 * Level 5.8 Axes
 + Level 4.1 Armour
 - Level 1.8 Dodging


You had 6 spell levels left.
You didn't know any spells.

Dungeon Overview and Level Annotations

Branches:
Dungeon (3/15)

Altars:
Ashenzari
Cheibriados
Kikubaaqudgha
Makhleb
Ru
Yredelemnul
The Shining One

Annotations:
D:3 Ajdolov's ghost, average MfGl


Innate Abilities, Weirdness & Mutations

You are under a permanent stasis effect.
You can dig through walls and to a lower floor.
Your four strong arms can wield two-handed weapons with a shield.
You have a pair of large antennae on your head (SInv).


Message History

Ajdolov's ghost is severely damaged.
Ajdolov's ghost closely misses you.
You are too injured to fight recklessly!
You closely miss Ajdolov's ghost.
Ajdolov's ghost is severely damaged.
Ajdolov's ghost closely misses you.
Your scale mail prevents you from hitting Ajdolov's ghost.
Ajdolov's ghost is heavily damaged.
Ajdolov's ghost barely misses you.
You hit Ajdolov's ghost but do no damage.
Ajdolov's ghost is heavily damaged.
Ajdolov's ghost hits you!
* * * LOW HITPOINT WARNING * * *
You hit Ajdolov's ghost.
Ajdolov's ghost is severely damaged.
Ajdolov's ghost hits you but does no damage.
You hit Ajdolov's ghost but do no damage.
Ajdolov's ghost is severely damaged.
Ajdolov's ghost hits you!
You die...

#############
....>lW@....#
###########.#
#.##########
#####
#....)......
##...##
#.#########.
##.....## #.#
#.......# #.#
# #..._...#
#.# #.......#
#########.#


You could see Ajdolov's ghost and a giant newt.

Vanquished Creatures
  Sigmund (D:2)
  An ogre (D:3)
  Jessica (D:2)
  A hound zombie (D:3)
  A worker ant zombie (D:3)
  2 adders
  An ooze (D:1)
  2 worms
  2 giant geckos
  An orc (D:3)
  A bat skeleton (D:3)
  3 bat zombies (D:3)
  9 hobgoblins
  3 jackals (D:3)
  7 kobolds
  A ball python (D:2)
  A ball python skeleton (D:3)
  7 bats
  2 giant cockroaches
  5 giant newts
  5 goblins
  A quokka zombie (D:3)
  8 rats
66 creatures vanquished.

Vanquished Creatures (others)
  A human (D:2)
1 creature vanquished.

Grand Total: 67 creatures vanquished

Notes
Turn   | Place    | Note
--------------------------------------------------------------
     0 | D:1      | pulse the Formicid Berserker began the quest for the Orb.
     0 | D:1      | Reached XP level 1. HP: 18/18 MP: 1/1
   161 | D:1      | Reached XP level 2. HP: 16/24 MP: 2/2
   332 | D:1      | Reached XP level 3. HP: 21/29 MP: 3/3
   354 | D:1      | Found a snail-covered altar of Cheibriados.
   460 | D:1      | Acquired Trog's second power
   713 | D:2      | Found a sacrificial altar of Ru.
   829 | D:2      | Found an ancient bone altar of Kikubaaqudgha.
   830 | D:2      | Noticed a human
   832 | D:2      | Killed a human
   856 | D:2      | Noticed Jessica
   864 | D:2      | Killed Jessica
   864 | D:2      | Reached skill level 4 in Axes
   864 | D:2      | Reached XP level 4. HP: 33/37 MP: 4/4
   910 | D:2      | Noticed Sigmund
   929 | D:2      | Killed Sigmund
   929 | D:2      | Reached skill level 5 in Axes
   929 | D:2      | Reached XP level 5. HP: 9/43 MP: 5/5
   929 | D:2      | Reached XP level 6. HP: 10/49 MP: 6/6
  1678 | D:2      | Found a glowing golden altar of the Shining One.
  1678 | D:2      | Found a burning altar of Makhleb.
  1678 | D:2      | Found a basalt altar of Yredelemnul.
  1894 | D:3      | Found a shattered altar of Ashenzari.
  2352 | D:3      | Reached XP level 7. HP: 55/55 MP: 7/7
  2663 | D:3      | Noticed Ajdolov's ghost (average MfGl)
  2694 | D:3      | HP: 2/55 [Ajdolov's ghost (10)]
  2696 | D:3      | Slain by Ajdolov's ghost

Vault maps used:
D:1:      tarquinn_simple_flora_water_a, minmay_misc_feat_more_columns,
          minmay_misc_feat_secret_circle, serial_park_tiny_1,
          kennysheep_flooded_box, hangedman_decor_clover_reticule
D:2:      nicolae_ru_awakened_eye, gammafunk_temple_overflow_claw, first_bread,
          serial_aquarium, aquarium_bridge_square, aquarium_window_corner,
          aquarium_window_fake, aquarium_view_2d, tgw_kikubaaqudgha,
          uniq_sigmund, uniq_jessica
D:3:      lemuel_round_altar, serial_undead, serial_undead_a, serial_undead_f,
          serial_undead_f, serial_undead_b

Action                   |  1- 3 |  4- 6 |  7- 9 || total
-------------------------+-------+-------+-------++-------
Melee: Hand axe          |   102 |   128 |    71 ||   301
Invok: Trog's Hand       |       |       |     1 ||     1
  Use: Scroll            |     5 |     1 |       ||     6
       Potion            |       |     4 |     3 ||     7
 Stab: Invisible         |       |     1 |       ||     1
  Eat: Bread ration      |       |     1 |       ||     1
       Fruit             |       |     1 |       ||     1
       Chunk             |       |     1 |       ||     1
